[Event "Titled Tuesday Blitz February 15 Early 2022"]
[White "Gubanov, Oleg"]
[Black "Gelman, Alexander"]
[WhiteFideId "14115115"]
[BlackFideId "4118316"]
[WhiteElo "2080"]
[BlackElo "2375"]
[Result "0-1"]
[Round "01"]
[TimeControl "180+1"]
[Date "2022.02.15"]
[WhiteClock "0:00:08"]
[BlackClock "0:00:11"]

1. e4 c5 2. Nf3 e6 3. c3 d5 4. exd5 exd5 5. d4 Nc6 6. Be3 cxd4 7. Nxd4 Nf6 8. Be2 Bd6 9. h3 O-O 10. Nd2 Re8 11. N2f3 Rxe3 12. fxe3 Bg3+ 13. Kf1 Ne4 14. Qc2 Nxd4 15. Nxd4 Bd7 16. Bf3 Qf6 17. Ke2 Re8 18. Rhf1 Qg5 19. Qd3 h6 20. c4 dxc4 21. Qxe4 Rxe4 22. Bxe4 b5 23. Nf5 Be5 24. g4 Bxb2 25. Rad1 Bxf5 26. Rxf5 Qh4 27. Rd7 Bf6 28. Bd5 Qxh3 29. Rxf7 Kh7 30. R5xf6 Qxg4+ 31. Rf3 c3 32. Rf4 Qg2+ 33. Rf2 Qxd5 34. Rd4 Qxa2+ 35. Kf3 Qb1 36. Rd7 Qf5+ 0-1


[Site "https://www.chess.com"]

[Event "Titled Tuesday Blitz February 15 Early 2022"]
[White "Guliyev, Namig"]
[Black "Dilmukhametov, Artur"]
[WhiteFideId "13400363"]
[BlackFideId "24179922"]
[WhiteElo "2487"]
[BlackElo "2266"]
[Result "1-0"]
[Round "01"]
[TimeControl "180+1"]
[Date "2022.02.15"]
[WhiteClock "0:02:06"]
[BlackClock "0:00:59"]

1. e4 e6 2. d4 d5 3. Nc3 Bb4 4. e5 Ne7 5. Qg4 Bxc3+ 6. bxc3 g6 7. Bg5 Nbc6 8. Bf6 Rg8 9. Qh4 h5 10. Bd3 b6 11. Ne2 Bb7 12. O-O Qd7 13. f4 O-O-O 14. h3 Rdf8 15. g4 hxg4 16. hxg4 g5 17. Bxg5 Ng6 18. Qg3 Rh8 19. Kf2 Nce7 20. Rh1 a5 21. Bf6 Rxh1 22. Rxh1 b5 23. Qf3 b4 24. f5 exf5 25. gxf5 bxc3 26. fxg6 fxg6 27. Rh7 Re8 28. Bxg6 Bc6 29. Bxe8 Qxe8 30. Rxe7 Qg8 31. e6 Kb7 32. Be5 Qd8 33. Rxc7+ Kb6 34. e7 Qe8 35. Qf6 Qg8 36. Qxc6# 1-0


[Site "https://www.chess.com"]

[Event "Titled Tuesday Blitz February 15 Early 2022"]
[White "Gurevich, Dmitry"]
[Black "Zavivaeva, Emilia"]
[WhiteFideId "2000407"]
[BlackFideId "34127531"]
[WhiteElo "2506"]
[BlackElo "1685"]
[Result "1-0"]
[Round "01"]
[TimeControl "180+1"]
[Date "2022.02.15"]
[WhiteClock "0:00:45"]
[BlackClock "0:00:26"]

1. d4 d5 2. c4 e6 3. Nf3 Nf6 4. Nc3 Be7 5. Bf4 b6 6. e3 c5 7. cxd5 Nxd5 8. Bb5+ Bd7 9. Bxd7+ Nxd7 10. Nxd5 exd5 11. dxc5 Nxc5 12. O-O O-O 13. Be5 Bf6 14. Bxf6 Qxf6 15. Qd4 Qd6 16. Rfd1 Rad8 17. Rac1 Ne6 18. Qe5 Qb4 19. a3 Qb5 20. b4 a5 21. Nd4 Nxd4 22. Qxd4 axb4 23. Qxb4 Qxb4 24. axb4 Rd6 25. Rd4 Rfd8 26. Rc7 Kf8 27. h3 R8d7 28. Rc8+ Ke7 29. g4 Ke6 30. Kg2 g6 31. h4 f5 32. g5 Ke5 33. Kg3 Ke6 34. Kf4 Re7 35. b5 Kd7 36. Rg8 Ke6 37. Rf8 Kd7 38. h5 Re4+ 39. Rxe4 dxe4 40. Rf7+ Ke6 41. Rxh7 gxh5 42. Rh6+ Ke7 43. Rxd6 Kxd6 44. Kxf5 Ke7 45. Kxe4 Kf7 46. f4 Kg6 47. Kf3 1-0


[Site "https://www.chess.com"]

[Event "Titled Tuesday Blitz February 15 Early 2022"]
[White "Hajiyeva, Laman"]
[Black "Matlakov, Maxim"]
[WhiteFideId "13415875"]
[BlackFideId "4168003"]
[WhiteElo "1728"]
[BlackElo "2661"]
[Result "0-1"]
[Round "01"]
[TimeControl "180+1"]
[Date "2022.02.15"]
[WhiteClock "0:00:10"]
[BlackClock "0:01:12"]

1. d4 d5 2. c4 e6 3. cxd5 exd5 4. Nc3 c6 5. Bf4 Bf5 6. e3 Nd7 7. Bd3 Bg6 8. Nge2 Ngf6 9. O-O Be7 10. h3 O-O 11. a3 Re8 12. b4 a6 13. Rb1 Nf8 14. a4 Ne6 15. Bh2 b5 16. a5 Bd6 17. Bxd6 Qxd6 18. f3 Re7 19. Bxg6 hxg6 20. Qd3 Rae8 21. e4 dxe4 22. fxe4 Ng5 23. e5 Rxe5 24. Qg3 Rd5 25. Nxd5 Qxd5 26. Rfe1 Ne6 27. Rbd1 Rd8 28. Nf4 Qd6 29. Ne2 Qxb4 30. Qe5 Qxa5 31. Rc1 Qb6 32. Red1 b4 33. Kh1 a5 34. Ra1 Nd5 35. Ng3 b3 36. Ne4 b2 37. Rab1 a4 38. Nc5 a3 39. Nxe6 fxe6 40. Qxe6+ Kh7 41. Qe2 Nc3 42. Qg4 Nxb1 43. Rxb1 Rd5 0-1


[Site "https://www.chess.com"]

[Event "Titled Tuesday Blitz February 15 Early 2022"]
[White "Hakemi, Arman"]
[Black "Klinova, Masha"]
[WhiteFideId "22520805"]
[BlackFideId "2802015"]
[WhiteElo "2208"]
[BlackElo "2274"]
[Result "0-1"]
[Round "01"]
[TimeControl "180+1"]
[Date "2022.02.15"]
[WhiteClock "0:00:16"]
[BlackClock "0:00:20"]

1. e4 d6 2. d4 Nf6 3. Nc3 e5 4. dxe5 dxe5 5. Qxd8+ Kxd8 6. Bg5 Be7 7. O-O-O+ Nbd7 8. f4 h6 9. Bh4 exf4 10. Nf3 g5 11. Bf2 c6 12. Bc4 Ke8 13. h3 Nb6 14. Bb3 Be6 15. Rhe1 Rd8 16. Bd4 Rg8 17. Be5 Rxd1+ 18. Rxd1 Nfd7 19. Bc7 Bc5 20. Bxe6 fxe6 21. a4 Ke7 22. a5 Nc4 23. b3 Ne3 24. Rd2 Rc8 25. Be5 Nxe5 26. Nxe5 Rc7 27. a6 b5 28. Re2 Bd4 29. Nxc6+ Rxc6 30. Nxb5 Bb6 31. c4 Bc5 32. Kb2 Rxa6 33. Kc3 e5 34. Rd2 Ra1 35. b4 Rc1+ 36. Kb3 Rb1+ 37. Ka2 Rxb4 38. Rd3 Rxc4 39. Nc7 Rc2+ 40. Kb3 Rxg2 41. Ka4 Bb6 42. Na6 Rg3 43. Kb5 Nc2 44. Rd1 Nd4+ 45. Kc4 Rxh3 46. Kd5 Ra3 47. Nb8 Ne2 48. Nc6+ Kf6 49. Kd6 Nc3 50. Re1 Ra4 51. Nxe5 Nxe4+ 52. Kd5 Ra5+ 0-1


[Site "https://www.chess.com"]

[Event "Titled Tuesday Blitz February 15 Early 2022"]
[White "Hakobyan, Aram"]
[Black "Eynullayev, Altay"]
[WhiteFideId "13306677"]
[BlackFideId "13413562"]
[WhiteElo "2557"]
[BlackElo "2079"]
[Result "1-0"]
[Round "01"]
[TimeControl "180+1"]
[Date "2022.02.15"]
[WhiteClock "0:01:54"]
[BlackClock "0:01:18"]

1. e4 c5 2. Nf3 e6 3. d4 cxd4 4. Nxd4 Nc6 5. Bf4 d6 6. Nxc6 bxc6 7. c4 e5 8. Be3 Nf6 9. Nc3 Be7 10. Be2 O-O 11. O-O Be6 12. Qa4 d5 13. cxd5 cxd5 14. exd5 Nxd5 15. Nxd5 Qxd5 16. Bf3 Qd8 17. Rfd1 Qe8 18. Bc6 Qc8 19. Bxa8 Qxa8 20. Qxa7 Qxa7 21. Bxa7 Ra8 22. Be3 Rxa2 23. Rxa2 Bxa2 24. Ra1 Bd5 25. Ra5 Bc6 26. Rxe5 Bf6 27. Rc5 Bd7 28. b4 1-0


[Site "https://www.chess.com"]

[Event "Titled Tuesday Blitz February 15 Early 2022"]
[White "Hamitevici, Vladimir"]
[Black "Kalogridis, Antonios"]
[WhiteFideId "13902393"]
[BlackFideId "25833901"]
[WhiteElo "2359"]
[BlackElo "1495"]
[Result "1-0"]
[Round "01"]
[TimeControl "180+1"]
[Date "2022.02.15"]
[WhiteClock "0:00:34"]
[BlackClock "0:00:09"]

1. b3 e5 2. Bb2 Nc6 3. c4 Nf6 4. e3 d5 5. cxd5 Nxd5 6. a3 Be7 7. Qc2 a6 8. Nf3 f6 9. Bc4 Be6 10. O-O O-O 11. Rd1 Qd7 12. d4 exd4 13. Nxd4 Nxd4 14. Rxd4 Qc6 15. Qe4 Rad8 16. Nc3 f5 17. Qxe6+ Qxe6 18. Rxd5 Kh8 19. Rxd8 Qe5 20. Rxf8+ Bxf8 21. Rd1 b5 22. Rd5 Qf6 23. Nd1 Qf7 24. Rxb5 Qh5 25. Rd5 Qg6 26. Rd8 h6 27. Rxf8+ Kh7 28. Bg8+ 1-0


[Site "https://www.chess.com"]

[Event "Titled Tuesday Blitz February 15 Early 2022"]
[White "Hansen, Eric"]
[Black "Przybylski, Wojciech"]
[WhiteFideId "2606771"]
[BlackFideId "1117599"]
[WhiteElo "2568"]
[BlackElo "2133"]
[Result "1-0"]
[Round "01"]
[TimeControl "180+1"]
[Date "2022.02.15"]
[WhiteClock "0:00:04"]
[BlackClock "0:00:04"]

1. e4 e5 2. Nf3 Nc6 3. Bb5 Nf6 4. d3 Bc5 5. c3 O-O 6. O-O Re8 7. Re1 h6 8. h3 a6 9. Ba4 b5 10. Bb3 d5 11. exd5 Nxd5 12. d4 Bb6 13. dxe5 Be6 14. Bc2 Nde7 15. Nbd2 Ng6 16. a4 Bd5 17. axb5 axb5 18. Rxa8 Qxa8 19. Bxg6 fxg6 20. Qc2 g5 21. Ne4 Bf7 22. Nexg5 hxg5 23. Nxg5 Nxe5 24. Qh7+ Kf8 25. Bf4 Ng6 26. Be3 Bxe3 27. fxe3 Qd5 28. Nxf7 Kxf7 29. Rf1+ Ke7 30. Qxg6 Qe5 31. Rf7+ Kd8 32. Rf3 Re6 33. Qg4 Ke7 34. Qd4 Qxd4 35. exd4 Re2 36. Rf2 Re1+ 37. Kh2 Re3 38. h4 Ke6 39. g3 b4 40. cxb4 Rb3 41. Rc2 Rxb4 42. Rxc7 Kf6 43. Rc6+ Kf7 44. Rc2 Rxd4 45. b3 Rb4 46. Rb2 g5 47. hxg5 Kg6 48. Kg2 Kxg5 49. Kf3 Kf5 50. Ke3 Ke5 51. Kd3 Kd5 52. Kc3 Rg4 53. Rg2 Kc5 54. Kd3 Kd5 55. Rg1 Rb4 56. Kc3 Rg4 57. b4 Rc4+ 58. Kb3 Rg4 59. Ka4 Kc6 60. Ka5 Kb7 61. Kb5 Rg5+ 62. Kc4 Kc6 63. g4 Kd6 64. b5 Rc5+ 65. Kb4 Rg5 66. Ka5 Kc7 67. Ka6 Kb8 68. Kb6 Rg6+ 69. Kc5 Kc7 70. g5 Kb7 71. Kd5 Kc7 72. Ke5 Rb6 73. g6 Rxb5+ 74. Ke6 Rb6+ 75. Ke7 Rb1 76. Rxb1 1-0


[Site "https://www.chess.com"]

[Event "Titled Tuesday Blitz February 15 Early 2022"]
[White "Dronavalli, Harika"]
[Black "Todorovic, Bojan"]
[WhiteFideId "5015197"]
[BlackFideId "917087"]
[WhiteElo "2382"]
[BlackElo "2266"]
[Result "1-0"]
[Round "01"]
[TimeControl "180+1"]
[Date "2022.02.15"]
[WhiteClock "0:01:34"]
[BlackClock "0:00:14"]

1. d4 Nf6 2. c4 g6 3. g3 Bg7 4. Bg2 O-O 5. Nc3 d6 6. Nf3 c6 7. O-O Qa5 8. e4 Bg4 9. h3 Bxf3 10. Bxf3 Nbd7 11. Be3 Qb4 12. Qe2 e5 13. d5 cxd5 14. cxd5 a6 15. Rac1 Rac8 16. a3 Qa5 17. Rc2 h5 18. h4 Kh7 19. Rfc1 Ng8 20. Nb1 Rxc2 21. Rxc2 Bh6 22. b4 Qd8 23. Nd2 Bxe3 24. Qxe3 Ne7 25. Nc4 Qb8 26. Nb6 Nxb6 27. Qxb6 Rc8 28. Rxc8 Nxc8 29. Qd8 b5 30. g4 Qb7 31. gxh5 gxh5 32. Bxh5 Kg7 33. Qg5+ Kf8 34. Bg4 Ne7 35. Qh6+ Kg8 36. Qxd6 Ng6 37. Bf5 Qc8 38. Bxc8 1-0


[Site "https://www.chess.com"]

[Event "Titled Tuesday Blitz February 15 Early 2022"]
[White "Harish, Neeraj"]
[Black "Seemann, Jakub"]
[WhiteFideId "30958130"]
[BlackFideId "21874697"]
[WhiteElo "1545"]
[BlackElo "2003"]
[Result "0-1"]
[Round "01"]
[TimeControl "180+1"]
[Date "2022.02.15"]
[WhiteClock "0:00:19"]
[BlackClock "0:01:51"]

1. e4 c6 2. d4 d5 3. e5 Bf5 4. Nd2 e6 5. Nb3 Nd7 6. Nf3 h6 7. Be2 Ne7 8. O-O g5 9. a4 Bg7 10. a5 a6 11. Bd2 O-O 12. Bb4 Re8 13. Nc5 Nxc5 14. Bxc5 Ng6 15. g3 f6 16. exf6 Qxf6 17. c4 Bf8 18. b4 Be7 19. Re1 Rf8 20. Qb3 Be4 21. Bxe7 Nxe7 22. Ra3 g4 23. Bd1 gxf3 0-1


[Site "https://www.chess.com"]

[Event "Titled Tuesday Blitz February 15 Early 2022"]
[White "Harshavardhan G B"]
[Black "Tay, Junior"]
[WhiteFideId "25059009"]
[BlackFideId "5800439"]
[WhiteElo "1831"]
[BlackElo "2216"]
[Result "1-0"]
[Round "01"]
[TimeControl "180+1"]
[Date "2022.02.15"]
[WhiteClock "0:01:33"]
[BlackClock "0:00:14"]

1. e4 e5 2. Nc3 Nf6 3. Bc4 Nxe4 4. Qh5 Nd6 5. Bb3 Nc6 6. Nf3 g6 7. Qh3 Bg7 8. d3 O-O 9. Bh6 Nf5 10. Bxg7 Kxg7 11. g4 Nfd4 12. Nxd4 Nxd4 13. O-O-O d6 14. Kb1 Be6 15. Qg3 b5 16. g5 a5 17. h4 a4 18. Bxe6 fxe6 19. h5 Rf3 20. Qh2 Qxg5 21. hxg6 h6 22. Ne4 Qf4 23. Ng3 Qg5 24. Nh5+ Kg8 25. Rdg1 Qd2 26. Rc1 Rxf2 27. Nf6+ Rxf6 28. Qxd2 Raf8 29. Qxh6 1-0


[Site "https://www.chess.com"]

[Event "Titled Tuesday Blitz February 15 Early 2022"]
[White "Havlik, Jan"]
[Black "Qashashvili, Alexandre"]
[WhiteFideId "319783"]
[BlackFideId "13600842"]
[WhiteElo "2372"]
[BlackElo "2316"]
[Result "1-0"]
[Round "01"]
[TimeControl "180+1"]
[Date "2022.02.15"]
[WhiteClock "0:01:39"]
[BlackClock "0:00:01"]

1. e4 d5 2. exd5 Nf6 3. d4 Nxd5 4. c4 Nf6 5. Nf3 Bf5 6. Nc3 c6 7. Bg5 e6 8. c5 Be7 9. Bc4 Nbd7 10. O-O O-O 11. Re1 h6 12. Bh4 Re8 13. h3 Nd5 14. Bg3 N7f6 15. Qe2 b5 16. Bd3 Bxd3 17. Qxd3 b4 18. Ne4 Nxe4 19. Qxe4 Bf6 20. Rad1 a5 21. Be5 Bxe5 22. Nxe5 Qc7 23. Nc4 a4 24. Qe5 Qxe5 25. dxe5 a3 26. bxa3 bxa3 27. Rd3 Nb4 28. Rxa3 Rxa3 29. Nxa3 Nxa2 30. Nc4 Nb4 31. Nd6 Ra8 32. Rb1 Nd3 33. Rb6 Nxe5 34. f4 Nd3 35. Rxc6 Nxf4 36. Rc7 Ra1+ 37. Kf2 Ra2+ 38. Kf3 Nd3 39. c6 Rc2 40. Rc8+ Kh7 41. c7 Ne5+ 42. Ke4 Nd7 43. Nxf7 Nb6 44. Rh8+ Kg6 45. Ne5+ Kg5 46. Rb8 Rxc7 47. Rxb6 Rc2 48. g3 Re2+ 49. Kd4 Rd2+ 50. Ke3 Rd5 51. Nf3+ Kf6 52. Nd4 Re5+ 53. Kf4 g5+ 54. Kf3 h5 55. g4 hxg4+ 56. hxg4 Re1 57. Ne2 1-0


[Site "https://www.chess.com"]

[Event "Titled Tuesday Blitz February 15 Early 2022"]
[White "Hess, Robert"]
[Black "Gulatz, Maurice"]
[WhiteFideId "2022036"]
[BlackFideId "24642746"]
[WhiteElo "2557"]
[BlackElo "2150"]
[Result "1-0"]
[Round "01"]
[TimeControl "180+1"]
[Date "2022.02.15"]
[WhiteClock "0:00:07"]
[BlackClock "0:00:15"]

1. b3 d5 2. Bb2 Bf5 3. d3 e6 4. Nd2 Nf6 5. h3 h6 6. Ngf3 Nbd7 7. g4 Bh7 8. Rg1 Bd6 9. g5 hxg5 10. Nxg5 Qe7 11. Nxh7 Rxh7 12. a3 e5 13. e3 O-O-O 14. b4 Kb8 15. c4 c6 16. Qb3 d4 17. c5 Bc7 18. O-O-O Nf8 19. Nc4 dxe3 20. fxe3 Nd5 21. Kb1 f6 22. Bg2 Ne6 23. d4 exd4 24. exd4 Nef4 25. Bf1 Rdh8 26. Rg3 Ne6 27. Rf3 Ng5 28. Rfd3 Qe4 29. Ka2 a6 30. a4 Nf4 31. b5 axb5 32. axb5 Nxd3 33. Bxd3 Qd5 34. bxc6 Qxc6 35. Bxh7 Rxh7 36. Rd3 Qa6+ 37. Kb1 Qe6 38. d5 Qe1+ 39. Ka2 Be5 40. Nxe5 fxe5 41. c6 Qa5+ 42. Kb1 g6 43. Bxe5+ Ka8 44. Qa3 b6 45. Qxa5+ bxa5 46. d6 Ne6 47. d7 Nd8 48. c7 Nc6 49. c8=Q+ 1-0


[Site "https://www.chess.com"]

[Event "Titled Tuesday Blitz February 15 Early 2022"]
[White "Hirneise, Jens"]
[Black "Nogerbek, Kazybek"]
[WhiteFideId "24614734"]
[BlackFideId "13710427"]
[WhiteElo "2323"]
[BlackElo "2478"]
[Result "0-1"]
[Round "01"]
[TimeControl "180+1"]
[Date "2022.02.15"]
[WhiteClock "0:00:18"]
[BlackClock "0:00:10"]

1. d4 Nf6 2. Nf3 d5 3. Bf4 Bf5 4. e3 e6 5. Nbd2 Bd6 6. Bg3 O-O 7. Bd3 Bg6 8. O-O Qe7 9. Qe2 c5 10. dxc5 Bxg3 11. hxg3 Qxc5 12. c4 Nc6 13. Rfc1 Rfd8 14. Bxg6 hxg6 15. a3 d4 16. Nb3 Qh5 17. exd4 Ng4 18. Rd1 Rd6 19. Rd3 Rad8 20. Rad1 b6 21. c5 Rd5 22. cxb6 axb6 23. Qe4 Ne7 24. Nbd2 Nf5 25. Nf1 R5d6 26. a4 f6 27. b4 Kf7 28. N3h2 Nxh2 29. Nxh2 Rh8 30. Qb7+ Ke8 31. Qa8+ Ke7 32. Qb7+ Rd7 33. Qxb6 Qxh2+ 34. Kf1 Qh1+ 35. Ke2 Qxg2 36. a5 Qe4+ 37. Kd2 Rh2 38. Rf1 Nxd4 39. Qc5+ Kf7 40. Kc3 Ne2+ 0-1


[Site "https://www.chess.com"]

[Event "Titled Tuesday Blitz February 15 Early 2022"]
[White "Idrisov, Ildar F"]
[Black "Jumabayev, Rinat"]
[WhiteFideId "4151020"]
[BlackFideId "13702661"]
[WhiteElo "2209"]
[BlackElo "2561"]
[Result "1-0"]
[Round "01"]
[TimeControl "180+1"]
[Date "2022.02.15"]
[WhiteClock "0:00:17"]
[BlackClock "0:00:08"]

1. Nf3 d6 2. d4 Nf6 3. b3 g6 4. Bb2 Bg7 5. g3 O-O 6. Bg2 c5 7. O-O Qc7 8. c4 Nc6 9. Nc3 e6 10. dxc5 dxc5 11. Nb5 Qb6 12. Ne5 Rd8 13. Qc1 Nd4 14. Nxd4 cxd4 15. Rd1 Qc7 16. f4 Nd7 17. Bxd4 Nxe5 18. Bxe5 Bxe5 19. fxe5 Bd7 20. Qe3 Bc6 21. c5 Bd5 22. Bxd5 exd5 23. b4 Qc6 24. Rd4 Rd7 25. Rad1 Re8 26. Qf4 Rde7 27. e4 dxe4 28. Qxe4 Rxe5 29. Qxc6 bxc6 30. R1d2 a6 31. Kf2 R8e6 32. a3 Kg7 33. Rd6 Kf6 34. Rxe6+ Rxe6 35. Rd8 Ke5 36. Ra8 Kd4 37. Rxa6 Kc4 38. Ra7 f5 39. Rd7 Kb3 40. Rd6 Re4 41. Rxc6 Kxa3 42. Rb6 Rc4 43. c6 Rc2+ 44. Kf3 g5 45. b5 Ka4 46. Rb7 Ka5 47. c7 h5 48. b6 Rc3+ 49. Ke2 f4 50. gxf4 gxf4 51. Rb8 f3+ 52. Kf2 Rc2+ 53. Kxf3 h4 54. c8=Q 1-0


[Site "https://www.chess.com"]

[Event "Titled Tuesday Blitz February 15 Early 2022"]
[White "Iljin, Timofey"]
[Black "Mirzoev, Azer"]
[WhiteFideId "14110180"]
[BlackFideId "13400304"]
[WhiteElo "2396"]
[BlackElo "2525"]
[Result "0-1"]
[Round "01"]
[TimeControl "180+1"]
[Date "2022.02.15"]
[WhiteClock "0:00:02"]
[BlackClock "0:00:35"]

1. f4 c5 2. Nf3 Nc6 3. g3 g6 4. Bg2 Bg7 5. O-O Nf6 6. d3 O-O 7. e4 d6 8. Nc3 Bg4 9. h3 Bxf3 10. Bxf3 Nd7 11. Bg2 Rb8 12. a4 a6 13. Be3 Nd4 14. Rb1 b5 15. axb5 axb5 16. f5 b4 17. Ne2 Nxe2+ 18. Qxe2 Ne5 19. c3 Nc6 20. Qd2 Qa5 21. Rbc1 bxc3 22. bxc3 Rb3 23. Bh6 Bxc3 24. Qf4 Be5 25. Qg4 Bg7 26. Qh4 Rxd3 27. Bxg7 Kxg7 28. f6+ exf6 29. Qxf6+ Kg8 30. h4 Qd2 31. h5 Ne5 32. hxg6 hxg6 33. Rcd1 Qe3+ 34. Kh1 Qxg3 35. Rxd3 Qxd3 36. Rf4 Qd1+ 37. Rf1 Qd2 38. Rf4 Nd7 39. Qa1 Qxf4 40. Qe1 Ne5 0-1


[Site "https://www.chess.com"]

[Event "Titled Tuesday Blitz February 15 Early 2022"]
[White "Indjic, Aleksandar"]
[Black "Martin Carmona, Gaston Manuel"]
[WhiteFideId "911925"]
[BlackFideId "22284567"]
[WhiteElo "2616"]
[BlackElo "2161"]
[Result "1-0"]
[Round "01"]
[TimeControl "180+1"]
[Date "2022.02.15"]
[WhiteClock "0:01:20"]
[BlackClock "0:00:21"]

1. e4 c5 2. Nc3 e6 3. Nge2 Nc6 4. g3 d5 5. exd5 exd5 6. d4 cxd4 7. Nxd4 Nf6 8. Bg2 Bg4 9. Qd3 Bc5 10. Be3 Qb6 11. Nxc6 Bxe3 12. O-O bxc6 13. fxe3 O-O 14. Qd4 Qxd4 15. exd4 Rab8 16. b3 Rfe8 17. Rae1 Bh5 18. Na4 Bg6 19. c3 Bd3 20. Rxe8+ Rxe8 21. Rd1 Bb5 22. Nc5 Re2 23. a4 Ng4 24. axb5 cxb5 25. Bf3 1-0


[Site "https://www.chess.com"]

[Event "Titled Tuesday Blitz February 15 Early 2022"]
[White "Issani, Nameer"]
[Black "Le, Tuan Minh"]
[WhiteFideId "2619130"]
[BlackFideId "12401153"]
[WhiteElo "2517"]
[BlackElo "2450"]
[Result "0-1"]
[Round "01"]
[TimeControl "180+1"]
[Date "2022.02.15"]
[WhiteClock "0:01:05"]
[BlackClock "0:01:33"]

1. d4 d5 2. c4 c6 3. Nf3 Nf6 4. e3 Bf5 5. Nc3 e6 6. Be2 Nbd7 7. O-O h6 8. b3 Bd6 9. Bb2 O-O 10. Rc1 Ne4 11. Nd2 Nxc3 12. Bxc3 Nf6 13. f3 Qe7 14. Qe1 e5 15. cxd5 Nxd5 16. Nc4 Nxc3 17. Qxc3 exd4 18. Qxd4 Bc5 19. Qf4 Bh7 20. Rc3 Rfe8 21. Bd3 Bxd3 22. Rxd3 b5 0-1


[Site "https://www.chess.com"]

[Event "Titled Tuesday Blitz February 15 Early 2022"]
[White "Jaferian, Koosha"]
[Black "Zaichenko, Daria"]
[WhiteFideId "12507440"]
[BlackFideId "4197453"]
[WhiteElo "2027"]
[BlackElo "2039"]
[Result "1-0"]
[Round "01"]
[TimeControl "180+1"]
[Date "2022.02.15"]
[WhiteClock "0:00:38"]
[BlackClock "0:00:02"]

1. Nf3 Nf6 2. b3 d5 3. Bb2 e6 4. e3 Be7 5. Be2 O-O 6. O-O c5 7. c4 Nc6 8. cxd5 exd5 9. d4 b6 10. Nbd2 Bf5 11. Rc1 Rc8 12. h3 h6 13. Bb5 Qd6 14. Ba3 Nd7 15. Qe2 Qg6 16. Kh1 Rfe8 17. Rfd1 Qh5 18. Nf1 cxd4 19. Bxe7 Nxe7 20. Nxd4 Qxe2 21. Nxe2 Rxc1 22. Rxc1 Rc8 23. Rxc8+ Nxc8 24. Nc3 Ne7 25. Ng3 Be6 26. Nge2 Nc5 27. Nf4 g5 28. Nh5 f5 29. Ng3 a6 30. Bf1 b5 31. Nge2 Kf7 32. Nd4 Ne4 33. Nd1 Bd7 34. Kg1 Nd2 35. Bd3 Ne4 36. f3 Nc5 37. Bc2 Kf6 38. Kf2 Nc6 39. Nc3 Nxd4 40. exd4 Ne6 41. Nxd5+ Kf7 42. Bxf5 Bc6 43. Bxe6+ Kxe6 44. Ne3 Kd7 45. d5 Bb7 46. Kg3 Kd6 47. Kg4 1-0


[Site "https://www.chess.com"]

[Event "Titled Tuesday Blitz February 15 Early 2022"]
[White "Jain Kashish Manoj"]
[Black "Varney, Zoe"]
[WhiteFideId "35081098"]
[BlackFideId "436135"]
[WhiteElo "1681"]
[BlackElo "1808"]
[Result "1-0"]
[Round "01"]
[TimeControl "180+1"]
[Date "2022.02.15"]
[WhiteClock "0:00:18"]
[BlackClock "0:00:02"]

1. e4 e5 2. Nf3 Nc6 3. Bb5 a6 4. Bxc6 dxc6 5. O-O Bd6 6. Na3 Be6 7. d3 Ne7 8. Ng5 Bd7 9. Nc4 f6 10. Nh3 Bxh3 11. Qh5+ g6 12. Qxh3 Qd7 13. Qxd7+ Kxd7 14. f4 Bc5+ 15. Kh1 b5 16. Be3 Bxe3 17. Nxe3 exf4 18. Rxf4 Rhf8 19. Raf1 Ke6 20. Ng4 f5 21. exf5+ Nxf5 22. Re1+ Kd6 23. g3 Rae8 24. Rfe4 Rxe4 25. dxe4 Nd4 26. c3 Ne6 27. Kg2 h5 28. Rd1+ Ke7 29. Ne5 g5 30. Ng6+ Kf7 31. Nxf8 Kxf8 32. Rd7 c5 33. Rh7 h4 34. gxh4 gxh4 35. Rxh4 b4 36. cxb4 cxb4 37. e5 c5 38. b3 Kf7 39. Kf3 Kg6 40. Ke4 Kg5 41. Rh8 a5 42. Kd5 Kf5 43. Rh5+ Kg6 44. Kxe6 Kxh5 45. Kd5 1-0


[Site "https://www.chess.com"]

[Event "Titled Tuesday Blitz February 15 Early 2022"]
[White "Jain, Naveen"]
[Black "Mikhailovsky, Vladimir"]
[WhiteFideId "5003970"]
[BlackFideId "34105414"]
[WhiteElo "2036"]
[BlackElo "2371"]
[Result "0-1"]
[Round "01"]
[TimeControl "180+1"]
[Date "2022.02.15"]
[WhiteClock "0:00:03"]
[BlackClock "0:00:05"]

1. c4 e5 2. g3 h5 3. h4 Nf6 4. Nc3 Bc5 5. Bg2 d6 6. e3 O-O 7. Nge2 Bg4 8. a3 c6 9. b4 Bb6 10. Bb2 Re8 11. Qc2 Nbd7 12. O-O Nf8 13. d4 exd4 14. Nxd4 Qd7 15. Ne4 Nxe4 16. Bxe4 Rad8 17. Bf5 Bxf5 18. Nxf5 f6 19. Rad1 Qe6 20. Rfe1 Rd7 21. Rd2 Red8 22. Red1 Bc7 23. Nd4 Qg4 24. Qf5 d5 25. Qxg4 hxg4 26. c5 Ng6 27. h5 Ne5 28. h6 gxh6 29. Kg2 h5 30. Rh1 Rh7 31. Ne6 Rdd7 32. Rdd1 Nf3 33. Bxf6 Kf7 34. Nxc7 Kxf6 35. Ne8+ Ke5 36. Nd6 b6 37. Rb1 Rh6 38. Rhd1 Rdh7 39. Rh1 h4 40. gxh4 Nxh4+ 41. Kf1 Nf3 42. Rxh6 Rxh6 43. Ke2 Rh2 44. Nc8 bxc5 45. bxc5 Ng5 46. Nxa7 Ne4 47. Rf1 Ng3+ 48. Ke1 Nxf1 49. Kxf1 Rh6 50. Nc8 d4 51. exd4+ Kxd4 52. Nb6 Kxc5 53. Nd7+ Kd4 54. a4 c5 55. a5 Ra6 56. Nb8 Ra8 57. Nc6+ Kd5 58. Ne7+ Ke4 59. Nc6 Ra6 60. Ke2 Rxc6 0-1


[Site "https://www.chess.com"]

[Event "Titled Tuesday Blitz February 15 Early 2022"]
[White "Jakubowski, Krzysztof"]
[Black "Politov, Pavel Y."]
[WhiteFideId "1112848"]
[BlackFideId "24110515"]
[WhiteElo "2365"]
[BlackElo "2090"]
[Result "1-0"]
[Round "01"]
[TimeControl "180+1"]
[Date "2022.02.15"]
[WhiteClock "0:00:20"]
[BlackClock "0:00:03"]

1. e4 c5 2. Nf3 d6 3. d4 cxd4 4. Nxd4 Nf6 5. Nc3 a6 6. Be2 e5 7. Nb3 Be6 8. O-O Be7 9. f4 b5 10. f5 Bd7 11. a3 Bc6 12. Bf3 Nbd7 13. g4 h6 14. Be3 Nc5 15. Nxc5 dxc5 16. Qe1 Qb6 17. Rd1 Qb7 18. Bf2 b4 19. Nd5 Bb5 20. Be2 Nxd5 21. Rxd5 O-O 22. Be3 Bxe2 23. Qxe2 Rfd8 24. Rfd1 Rxd5 25. Rxd5 bxa3 26. bxa3 Qb1+ 27. Qd1 Qxd1+ 28. Rxd1 Rd8 29. Rxd8+ Bxd8 30. Bxc5 Bc7 31. Kf2 g6 32. Ke2 1-0


[Site "https://www.chess.com"]

[Event "Titled Tuesday Blitz February 15 Early 2022"]
[White "Janaszak, Dawid"]
[Black "De Souza Sa, Apolo"]
[WhiteFideId "1119206"]
[BlackFideId "324225390"]
[WhiteElo "2199"]
[BlackElo "1828"]
[Result "1-0"]
[Round "01"]
[TimeControl "180+1"]
[Date "2022.02.15"]
[WhiteClock "0:02:10"]
[BlackClock "0:01:45"]

1. e4 c5 2. Nc3 Nc6 3. Bb5 Nd4 4. Nf3 Nxb5 5. Nxb5 d5 6. exd5 a6 7. Nc3 Nf6 8. d4 Nxd5 9. dxc5 Nxc3 10. Qxd8+ Kxd8 11. bxc3 f6 12. Be3 e5 13. Nd2 Be6 14. a4 Rc8 15. Ne4 Bf5 16. O-O-O+ Ke8 17. Nd6+ Bxd6 18. Rxd6 Ke7 19. Rhd1 Rhd8 20. f4 Be4 21. fxe5 fxe5 22. Bg5+ 1-0


[Site "https://www.chess.com"]

[Event "Titled Tuesday Blitz February 15 Early 2022"]
[White "Jobava, Baadur"]
[Black "Rakhimgaliyev, Yerlan"]
[WhiteFideId "13601520"]
[BlackFideId "13705148"]
[WhiteElo "2617"]
[BlackElo "2261"]
[Result "1-0"]
[Round "01"]
[TimeControl "180+1"]
[Date "2022.02.15"]
[WhiteClock "0:00:45"]
[BlackClock "0:00:24"]

1. b3 Nf6 2. Bb2 d5 3. e3 c5 4. Nf3 Nc6 5. Bb5 Bf5 6. O-O e6 7. Ne5 Qc7 8. d3 Bd6 9. Bxc6+ bxc6 10. f4 O-O 11. Nd2 Nd7 12. e4 Bg6 13. Nxd7 Qxd7 14. Qf3 f5 15. e5 Be7 16. Qf2 Rfb8 17. c4 a5 18. a4 Kf7 19. Ba3 Rb4 20. Bxb4 cxb4 21. Rac1 Rd8 22. Nf3 Bh5 23. Ng5+ Bxg5 24. fxg5 dxc4 25. dxc4 Qd4 26. h3 Qxf2+ 27. Rxf2 Ke7 28. Kf1 Rd3 29. Rb1 Bd1 30. Rfb2 c5 31. Ke1 Bh5 32. Rd2 Re3+ 33. Kf2 Rxe5 34. Re1 Be8 35. Rxe5 1-0


[Site "https://www.chess.com"]